 Dungeon Crawl Stone Soup version 0.22-a0-303-g4a852b3 (webtiles) character file.

125 Amnesiac the Gusty (level 5, -2/29 HPs)
             Began as a Tengu Air Elementalist on Mar 27, 2018.
             Slain by Natasha (6 damage)
             ... on level 4 of the Dungeon.
             The game lasted 00:02:51 (2579 turns).

Amnesiac the Gusty (Tengu Air Elementalist)         Turns: 2579, Time: 00:02:52

Health: -2/29      AC:  2    Str: 10 (13) XL:     5   Next: 9%
Magic:  6/10       EV: 13    Int: 14 (17) God:
Gold:   145        SH:  0    Dex: 12 (14) Spells: 4/9 levels left

rFire    . . .     SeeInvis .   (no weapon)
rCold    . . .     Gourm    .   (no shield)
rNeg     . . .     Faith    .   a - +0 robe
rPois    .         Spirit   .   (helmet restricted)
rElec    .         Reflect  .   (no cloak)
rCorr    .         Harm     .   (no gloves)
MR       .....                  (boots unavailable)
Stlth    ++........             (no amulet)
HPRegen  0.09/turn              q - +5 ring of strength
MPRegen  0.12/turn              (no ring)

@: very slightly contaminated
A: beak, talons 3, able to fly 1
a: Fly


You were on level 4 of the Dungeon.
You were hungry.

You visited 1 branch of the dungeon, and saw 4 of its levels.

You collected 145 gold pieces.

Inventory:

Missiles
 k - 32 poisoned needles
Armour
 a - a +0 robe (worn)
Jewellery
 q - a +5 ring of strength (left hand)
Wands
 j - a wand of clouds (3)
Scrolls
 d - 6 scrolls of remove curse {!r, unknown}
 e - 4 scrolls of identify {!r, unknown}
 f - 2 scrolls of teleportation {!r, unknown}
 g - a scroll of blinking {!r, unknown}
 i - 2 scrolls of enchant weapon {!r, unknown}
 l - 2 scrolls of amnesia {!r, unknown}
 m - a scroll of immolation {!r, unknown}
 o - 2 scrolls of fog {!r, unknown}
Potions
 n - a potion of cancellation {!q, unknown}
Comestibles
 c - 10 rations
 p - 11 chunks of flesh


   Skills:
 + Level 1.3 Fighting
 * Level 3.3 Dodging
 - Level 2.0 Stealth
 + Level 2.7 Spellcasting
 - Level 1.3 Conjurations
 * Level 5.6 Air Magic


You had 4 spell levels left.
You knew the following spells:

 Your Spells              Type           Power        Failure   Level  Hunger
a - Shock                 Conj/Air       ##..         5%          1    #......
d - Airstrike             Air            ###.......   22%         4    #####..


Dungeon Overview and Level Annotations

Branches:
Dungeon (4/15)
 Temple: D:4-7

Altars:
Cheibriados
Dithmenos
Nemelex Xobeh
Qazlal
Wu Jian
The Shining One

Annotations:
D:4 Eustachio, Natasha


Innate Abilities, Weirdness & Mutations

You have a beak for a mouth.
You have claws for feet.
You can fly.


Message History

q - a blackened bone ring Eustachio the Magnificent comes into view.
He is wielding a rapier of venom.
Put on which piece of jewellery? (? for menu, Esc to quit)
You feel stronger.
q - a +5 ring of strength (left hand)
Casting: Shock (safe; 4% risk of failure)
Confirm with . or Enter, or press ? or * to list all spells.
Aiming: Shock (safe; 4% risk of failure)
Press: ? - help, Shift-Dir - straight line, f - Natasha
Aim: Natasha You miscast Shock.
You are very lightly contaminated with residual magic.
You feel a strange surge of energy!
Natasha stares at you and mumbles some strange words.
The magic dart hits you!
Unknown command.
Casting: Shock (safe; 4% risk of failure)
Confirm with . or Enter, or press ? or * to list all spells.
Aiming: Shock (safe; 4% risk of failure)
Press: ? - help, Shift-Dir - straight line, f/p - Natasha
Aim: Natasha The zap misses Natasha.
Unknown command.
Casting: Shock (safe; 4% risk of failure)
Confirm with . or Enter, or press ? or * to list all spells.
Aiming: Airstrike (slightly dangerous; 17% risk of failure)
Press: ? - help, Dir - move target cursor, f/p - Natasha
Aim: Natasha You miscast Airstrike.
There is a short, sharp shower of sparks.
Natasha claws you but does no damage.
Casting: Airstrike (slightly dangerous; 17% risk of failure)
Confirm with . or Enter, or press ? or * to list all spells.
Aiming: Airstrike (slightly dangerous; 17% risk of failure)
Press: ? - help, Dir - move target cursor, f/p - Natasha
Aim: Natasha You miscast Airstrike.
Electricity courses through your body.
* * * LOW HITPOINT WARNING * * *
You are feeling hungry.
Natasha claws you.
* * * LOW HITPOINT WARNING * * *
Really quaff
h - a smoky puce potion {!q}?
Okay, then.
Unknown command.
Unknown command.
Really quaff
h - a smoky puce potion {!q}?
It was a potion of magic {!q}.
Magic courses through your body. Natasha claws you.
* * * LOW HITPOINT WARNING * * *
Unknown command.
Really quaff
b - a golden potion {!q}?
It was a potion of degeneration {!q}.
There was something very wrong with that liquid.
You feel weakened.
You feel dopey.
You feel clumsy. Natasha barely misses you.
Casting: Airstrike (slightly dangerous; 22% risk of failure)
Confirm with . or Enter, or press ? or * to list all spells.
Aiming: Airstrike (slightly dangerous; 22% risk of failure)
Press: ? - help, Dir - move target cursor, f/p - Natasha
Aim: Natasha The air twists around and strikes Natasha!
Natasha is severely wounded.
Natasha claws you.
You die...

#.# ##(. @# ... #...
..###### #.### .....
#### # .... ###_#####
#h.# ##.#.#.#.# #..#
#_........
#########..#####........
.......@h[....#..#.#.#.#
#########..#####.#⌠###.#
#..#############
#....##)# #.###.
#.##.##.# #.....
#.##.##.# ##....
##.##.##.###.#.#.
#..............#.
#.#>.......#.###.


You could see Natasha.

Vanquished Creatures
  An orc priest (D:4)
  Robin (D:2)
  An adder (D:2)
  2 worms
  A dart slug (D:3)
  A leopard gecko (D:2)
  5 orcs
  2 giant cockroaches
  11 goblins
  11 hobgoblins
  3 jackals
  5 kobolds
  3 bats
  4 frilled lizards
  10 rats
61 creatures vanquished.

Notes
Turn   | Place    | Note
-------+----------+-------------------------------------------
     0 | D:1      | Amnesiac the Tengu Air Elementalist began the quest for the Orb.
     0 | D:1      | Reached XP level 1. HP: 10/10 MP: 4/4
   163 | D:1      | Reached XP level 2. HP: 15/15 MP: 0/6
   792 | D:2      | Found a sparkling altar of Nemelex Xobeh.
   826 | D:2      | Reached XP level 3. HP: 19/19 MP: 2/7
   892 | D:2      | Found a faded altar of an unknown god.
   925 | D:2      | Reached skill level 5 in Air Magic
  1015 | D:2      | Noticed Robin
  1099 | D:2      | Killed Robin
  1099 | D:2      | Reached XP level 4. HP: 15/24 MP: 0/8
  1273 | D:2      | Found a snail-covered altar of Cheibriados.
  1577 | D:2      | Found a glowing golden altar of the Shining One.
  1652 | D:2      | Found a stormy altar of Qazlal.
  1852 | D:3      | Reached skill level 1 in Fighting
  2059 | D:3      | Learned a level 4 spell: Airstrike
  2354 | D:4      | Found an ornate altar of the Wu Jian Council.
  2356 | D:4      | Found a shadowy altar of Dithmenos.
  2438 | D:4      | Gained mutation: You can fly. [Tengu growth]
  2438 | D:4      | Reached XP level 5. HP: 29/29 MP: 4/10
  2567 | D:4      | Noticed Natasha
  2571 | D:4      | Noticed Eustachio
  2579 | D:4      | Slain by Natasha

Vault maps used:
D:1:      minmay_arrival_four_loops
D:2:      lemuel_crystal_altar, nemelex_xobeh_ov_fountains_minmay,
          nicolae_overflow_hidden_temple, lemuel_coloured_pillars_altar,
          chequers_ecumenical_altar_simple_redux, uniq_robin
D:4:      black_bear_nest_1, minitemple, serial_bayou_lake_a, uniq_natasha,
          uniq_eustachio

Skill      XL: |  1  2  3  4 |
---------------+-------------+-----
Air Magic      | 5 |  5.6
Fighting       | 1 |  1.3
Dodging        | 3 |  3.3
Stealth        | |  2.0
Spellcasting   | |  2.7
Conjurations   | |  1.3

Action                   |  1- 3 |  4- 6 || total
-------------------------+-------+-------++-------
Melee: Unarmed           |     4 |     1 ||     5
       Peck              |       |     1 ||     1
 Cast: Shock             |    65 |    55 ||   120
       Airstrike         |       |     1 ||     1
  Use: Potion            |       |     2 ||     2
  Eat: Chunk             |     1 |     5 ||     6
Armor: Robe              |     3 |     3 ||     6
Dodge: Dodged            |    11 |     7 ||    18

Table legend:
 A = Spawn XP
 B = Non-spawn XP
 C = Spawn XP percentage of total XP
 D = Spawn monster count
 E = Non-spawn monster count
 F = Spawn count percentage of total count
 G = Total turns spent on level
                    A         B        C        D         E        F      G
               +---------+---------+-------+---------+---------+-------+---------
         Total |       0 |     179 |   0.0 |       0 |      61 |   0.0 |  2579
               +---------+---------+-------+---------+---------+-------+---------
           D:1 |       0 |      30 |   0.0 |       0 |      22 |   0.0 |   792
           D:2 |       0 |      68 |   0.0 |       0 |      21 |   0.0 |   952
           D:3 |       0 |      28 |   0.0 |       0 |      13 |   0.0 |   579
           D:4 |       0 |      53 |   0.0 |       0 |       5 |   0.0 |   256
               +---------+---------+-------+---------+---------+-------+---------
